 Seeded DCSS version 0.30.1-4-g462c640d31 (webtiles) character file.

Game seed: 6351066067085065685 (custom seed)

4 Esekla the Grave Robber (level 1, -15/10 HPs)
             Began as a Deep Elf Necromancer on Aug 13, 2023.
             Was an Initiate of Vehumet.
             Demolished by a gnoll
             ... wielding a +0 halberd
             ... led by a gnoll bouda
              (16 damage)
             ... on level 4 of the Dungeon.
             The game lasted 00:03:10 (446 turns).

Esekla the Grave Robber (Deep Elf Necromancer)       Turns: 446, Time: 00:03:11

Health: -15/10     AC:  3    Str:  5    XL:     1   Next: 50%
Magic:  6/6        EV:  6    Int: 19    God:    Vehumet [......]
Gold:   50         SH:  0    Dex: 15    Spells: 5/6 levels left

rFire   . . .        c - +0 short sword
rCold   . . .        (no shield)
rNeg    . . .        a - +0 robe
rPois   .            (no helmet)
rElec   .            (no cloak)
rCorr   .            h - +0 pair of gloves
SInv    .            (no boots)
Will    .....        (no amulet)
Stlth   ++           (no ring)
HPRegen 0.21/turn    (no ring)
MPRegen 0.10/turn

%: no passive effects
@: weakened, held
A: no striking features
a: Renounce Religion


You were on level 4 of the Dungeon.
You worshipped Vehumet.
Vehumet was noncommittal.
You visited 1 branch of the dungeon, and saw 6 of its levels.

You collected 50 gold pieces.

Inventory:

Hand Weapons
 c - a +0 short sword (weapon)
Armour
 a - a +0 robe (worn)
 h - a +0 pair of gloves (worn)
Scrolls
 e - a scroll of fear
Potions
 b - a potion of magic
 d - a potion of ambrosia {unknown}
 f - a potion of haste {unknown}
 g - a potion of curing {unknown}
 i - a potion of attraction {unknown}


   Skills:
 * Level 2.4 Dodging
 + Level 2.5 Stealth
 * Level 3.0 Spellcasting
 + Level 5.0 Necromancy


You had 5 spell levels left.
You knew the following spells:

 Your Spells              Type           Power      Damage    Failure   Level
a - Necrotise             Necr           88%        1d8       1%          1

Your spell library contained the following spells:

 Spells                   Type           Power      Damage    Failure   Level
 Vampiric Draining        Necr           22%        2d7       6%          3
 Animate Dead             Necr           22%        N/A       19%         4
 Agony                    Necr           22%        N/A       47%         5


Dungeon Overview and Level Annotations

Branches:
Dungeon (6/15)
 Temple: D:4-7

Altars:
Okawaru
Vehumet
Zin
The Shining One


Message History

Okay, then.
As you read the scroll labelled QOIXKOT YTEE, it crumbles to dust.
You assume a fearsome visage.
The gnoll bouda looks frightened!
The gnoll looks frightened! x4; The orc looks frightened! x3
It was a scroll of fear.
There is an open door here.
There is a radiant altar of Vehumet here.
You kneel at the altar of Vehumet.
Vehumet welcomes you!
There is an open door here.
Found 15 gold pieces.
Found a pair of gloves and a bubbling green potion.
You now have 50 gold pieces (gained 15).
You see here a +0 pair of gloves.
You start putting on your armour.
You continue putting on your +0 pair of gloves. x4
You finish putting on your +0 pair of gloves.
A kobold comes into view. It is wielding a +0 dagger.
You see here a bubbling green potion.
i - a bubbling green potion
Found a stone staircase leading up.
The kobold shouts!
The gnoll shouts!
You hear a shout!
The kobold closely misses you. The kobold attacks as you move away!
The kobold hits you with a +0 dagger. The kobold attacks as you move away!
The kobold hits you but does no damage.
The gnoll bouda gazes fiercely through you!
You feel your attacks grow feeble.
The gnoll shouts!
The kobold attacks as you move away! The kobold barely misses you.
The gnoll bouda barks out a call to the hunt!
The gnolls pick up the pace!
The gnoll hits you from afar with a +0 halberd!
Ouch! That really hurt!
* * * LOW HITPOINT WARNING * * *
The gnoll attacks as you move away! The gnoll closely misses you.
The gnoll throws a throwing net.
The throwing net hits you.
You become entangled in the net!
The gnoll hits you from afar with a +0 halberd!
Ouch! That really hurt!
You die...

..##.......# #.......#
............###.......#
..............+.......##
.............##.........
......g.................
....g...................
......g..............###
....g..gK...............
.......@...#............
.....<..o..#............
..........##..........#+
...........#..........#.
......####.#............
...... ....#............
##.............#...........#
..
.......................>...#
.g.. #...............#
####.....#


You could see a gnoll bouda, 4 gnolls, an orc and a kobold.

Vanquished Creatures
  A ball python (D:1)
  A frilled lizard (D:1)
  2 kobolds (D:1)
4 creatures vanquished.

Notes
Turn   | Place    | Note
-------+----------+-------------------------------------------
     0 | D:1      | Esekla the Deep Elf Necromancer began the quest for the
                  | Orb.
     0 | D:1      | Reached XP level 1. HP: 10/10 MP: 6/6
   133 | D:1      | Reached skill level 5 in Necromancy
   309 | D:4      | Found a radiant altar of Vehumet.
   320 | D:4      | Found a glowing golden altar of the Shining One.
   338 | D:4      | Found an iron altar of Okawaru.
   349 | D:4      | Found a glowing silver altar of Zin.
   358 | D:4      | You fall into a shaft and drop 2 floors!
   369 | D:5      | Entered Level 5 of the Dungeon
   381 | D:4      | Noticed a gnoll bouda
   399 | D:4      | Became a worshipper of Vehumet
   446 | D:4      | Demolished by a gnoll

Illustrated notes

Levels and vault maps discovered:
D:1:      sevenhm_arrival_forest_fort_small_3, layout_rooms,
          chequers_serial_rivers_room_b, minmay_misc_feat_five
D:2:      layout_loops_ring, dreamdust_ecumenical_altar_angels_and_demons,
          serial_shops, shop
D:3:      layout_basic, grunt_temple_overflow_open, minmay_misc_feat_iff
D:4:      layout_basic, nicolae_overflow_quartered_altars, serial_shops,
          nicolae_diamond_shop
D:5:      layout_loops_ring, lemuel_doored_altar, minmay_misc_feat_rows,
          dreamdust_wishing_well
D:6:      layout_loops_cross, fedhas_altar_fruit_tree,
          minmay_temple_entry_glass, uniq_pikel, uniq_blork_the_orc

Skill      XL: |  1 |
---------------+----+-----
Necromancy     | 5 |  5.0
Dodging        | |  2.4
Stealth        | |  2.5
Spellcasting   | |  3.0

Action                     || total
---------------------------++-------
  Melee: Short sword       ||    10
         Unarmed           ||     9
    Use: Scroll            ||     1
 Armour: Robe              ||     6
  Dodge: Dodged            ||    15
